 Dungeon Crawl Stone Soup version 0.28-a0-895-g6e5f11bd55 (webtiles) character file.

Game seed: 18388461478615917370

4483 Twinkles the Fighter (level 10, 0/87 HPs)
             Began as a Human Berserker on Nov 23, 2021.
             Was a Believer of Trog.
             Slain by a vampire (2 damage)
             ... on level 9 of the Dungeon.
             The game lasted 00:34:38 (11993 turns).

Twinkles the Fighter (Human Berserker)             Turns: 11993, Time: 00:34:39

Health: 0/87       AC: 14    Str: 27    XL:     10   Next: 64%
Magic:  10/10      EV: 13    Int:  7    God:    Trog [**....]
Gold:   485        SH:  0    Dex: 13    Spells: 9/9 levels left

rFire   . . .      SeeInvis .   F - +0 battleaxe
rCold   . . .      Faith    .   (shield currently unavailable)
rNeg    . . .      Spirit   .   t - +0 chain mail
rPois   .          Reflect  .   H - +0 helmet
rElec   .          Harm     .   B - +1 cloak
rCorr   .          Rampage  .   C - +2 pair of gloves
Will    ++...                   (no boots)
Stlth   ..........              (no amulet)
HPRegen 1.24/turn               d - +6 ring of strength
MPRegen 0.12/turn               K - +4 ring of evasion

@: strong-willed (expiring), on berserk cooldown, regenerating (expiring),
slowed, very slow
A: no striking features
a: Renounce Religion, Berserk, Trog's Hand


You were on level 9 of the Dungeon.
You worshipped Trog.
Trog was pleased with you.
You visited 1 branch of the dungeon, and saw 9 of its levels.

You collected 485 gold pieces.

Inventory:

Hand Weapons
 a - a +0 hand axe
 b - a +0 hunting sling
 D - a +0 war axe
 F - a +0 battleaxe (weapon)
Missiles
 n - 14 poisoned darts
 o - 5 javelins (quivered)
 s - 330 stones
 u - 34 sling bullets
Armour
 k - a +0 animal skin
 l - a +0 scale mail
 m - a +0 troll leather armour {Pargi}
 t - a +0 chain mail (worn)
 y - a +0 ring mail
 B - a +1 cloak (worn)
 C - a +2 pair of gloves (worn)
 H - a +0 helmet (worn)
Jewellery
 c - a ring of fire
 d - a +6 ring of strength (left hand)
 A - a ring of positive energy
 I - a ring of protection from cold
 J - a ring of magical power
 K - a +4 ring of evasion (right hand)
Wands
 h - a wand of acid (6)
 p - a wand of paralysis (3)
 q - a wand of flame (19)
Scrolls
 e - 2 scrolls of immolation {unknown}
 f - a scroll of noise
 j - a scroll of brand weapon {unknown}
 r - a scroll of acquirement {unknown}
 v - a scroll of blinking {unknown}
 w - a scroll of enchant armour
 x - 2 scrolls of fear {unknown}
 G - 2 scrolls of fog {unknown}
 O - a scroll of silence
 V - a scroll of vulnerability
 Y - 4 scrolls of teleportation
 Z - 7 scrolls of identify
Potions
 g - 2 potions of invisibility {unknown}
 i - 2 potions of berserk rage {unknown}
 z - 3 potions of degeneration {unknown}
 E - a potion of curing {unknown}
 L - a potion of flight
 P - a potion of lignification


   Skills:
 + Level 11.0 Fighting
 + Level 11.0 Axes
 - Level 2.0 Armour
 - Level 2.0 Dodging


You had 9 spell levels left.
You didn't know any spells.
Your spell library was empty.

Dungeon Overview and Level Annotations

Branches:
Dungeon (9/15)             Temple (0/1) D:4
   Lair: D:8-11         Orc: D:9-12

Altars:
Gozag
Kikubaaqudgha
Yredelemnul

Shops:
D:8 (

Annotations:
D:3 1 runed translucent door, Crazy Yiuf
D:7 1 runed translucent door, frimble's ghost, novice TrWr


Message History

You closely miss something. Something hits you but does no damage.
Something bites you but does no damage.
You closely miss something.
You hear some strange, mumbled words.
You are confused.
You bump into the rock wall.
You are no longer berserk.
You are exhausted.
You feel yourself slow down.
You bump into the rock wall.
Something hits you but does no damage. Something bites you but does no damage.
Something draws life force from you!
You bump into the rock wall.
Something hits you. Something bites you.
Something draws strength from your injuries!
Okay, then.
Unknown command.
You bump into the rock wall.
Something hits you. Something bites you but does no damage.
Something barely misses you. x2
You completely miss something. Something draws life force from you!
You bump into the rock wall.
You feel less confused. Something hits you but does no damage.
Something bites you!
* * * LOW HITPOINT WARNING * * *
Something draws strength from your injuries!
Something hits you but does no damage. Something bites you!
* * * LOW HITPOINT WARNING * * *
Something draws strength from your injuries!
Your skin crawls.
You feel strong-willed. Something hits you but does no damage.
Something bites you.
* * * LOW HITPOINT WARNING * * *
Something draws strength from your injuries!
Something hits you but does no damage. Something completely misses you.
You feel the effects of Trog's Hand fading.
Something hits you.
* * * LOW HITPOINT WARNING * * *
Something bites you but does no damage. Something hits you!
* * * LOW HITPOINT WARNING * * *
Something bites you.
You die...

#..# #.# #.# #.#
#### #.# ... #.#
#.. #.# #.. #.#
#.. #@# ##.. #.#
###...
#.###########.....
#.............#...
################..
###


There were no monsters in sight!

Vanquished Creatures
  A two-headed ogre (D:8)
  A basilisk (D:9)
  2 steam dragons
  A water moccasin (D:8)
  2 orc warriors
  3 ice beasts
  Pargi (D:3)
  A black bear (D:6)
  A sky beast (D:6)
  A hornet zombie (D:7)
  2 necrophages
  4 ogres
  A centaur (D:7)
  3 phantoms
  Blork the orc (D:6)
  A bullfrog (D:7)
  5 scorpions
  A water moccasin skeleton (D:5)
  4 killer bees (D:4)
  7 wights
  A howler monkey (D:5)
  A centaur zombie (D:8)
  4 orc priests
  3 hounds
  A jelly (D:4)
  A bullfrog skeleton (D:6)
  A centaur skeleton (D:6)
  4 orc wizards
  A scorpion zombie (D:5)
  Natasha (thrice) (D:3)
  3 iguanas
  2 hound skeletons
  6 adders
  2 white imps (D:6)
  An ufetubus (D:4)
  An adder skeleton (D:5)
  3 worms
  3 dart slugs
  31 orcs
  11 ball pythons
  3 endoplasms
  7 giant cockroaches
  6 goblins
  4 hobgoblins
  3 jackals (D:1)
  2 quokkas (D:1)
  8 bats
  5 frilled lizards
  7 kobolds
  A quokka skeleton (D:4)
  3 rats
175 creatures vanquished.

Vanquished Creatures (others)
  An orc wizard (D:5)
1 creature vanquished.

Grand Total: 176 creatures vanquished

Notes
Turn   | Place    | Note
-------+----------+-------------------------------------------
     0 | D:1      | Twinkles the Human Berserker began the quest for the Orb.
     0 | D:1      | Reached XP level 1. HP: 18/18 MP: 1/1
   159 | D:1      | Reached XP level 2. HP: 24/24 MP: 2/2
   478 | D:1      | HP: 7/24 [jackal (1)]
   791 | D:1      | Reached XP level 3. HP: 29/29 MP: 3/3
  1396 | D:1      | Reached ** piety under Trog
  1794 | D:2      | Reached XP level 4. HP: 37/37 MP: 4/4
  2065 | D:2      | Found a faded altar of an unknown god.
  2974 | D:3      | Reached XP level 5. HP: 19/43 MP: 5/5
  3298 | D:3      | Noticed Natasha
  3310 | D:3      | Killed Natasha
  3525 | D:3      | Noticed an ogre
  3532 | D:3      | Killed an ogre
  3533 | D:3      | Reached skill level 5 in Fighting
  3533 | D:3      | Reached skill level 5 in Axes
  3533 | D:3      | Reached XP level 6. HP: 51/51 MP: 6/6
  3705 | D:3      | Noticed Natasha
  3715 | D:3      | Killed Natasha
  3912 | D:3      | Noticed Natasha
  3919 | D:3      | Killed Natasha
  4028 | D:3      | Noticed Pargi
  4044 | D:3      | Killed Pargi
  4045 | D:3      | Reached XP level 7. HP: 56/56 MP: 7/7
  4289 | D:3      | Found a runed translucent door.
  4290 | D:3      | Noticed Crazy Yiuf
  5177 | D:4      | Reached XP level 8. HP: 51/65 MP: 8/8
  5475 | D:4      | Found a staircase to the Ecumenical Temple.
  5678 | D:5      | Entered Level 5 of the Dungeon
  6694 | D:5      | Reached XP level 9. HP: 74/74 MP: 9/9
  6944 | D:5      | Paralysed by an orc wizard for 6 turns
  7716 | D:6      | Noticed Blork the orc
  7742 | D:6      | Killed Blork the orc
  8420 | D:6      | Found an opulent altar of Gozag.
  9602 | D:7      | Reached XP level 10. HP: 49/84 MP: 10/10
 10009 | D:7      | Noticed frimble's ghost (novice TrWr)
 10012 | D:7      | Found a runed translucent door.
 10183 | D:8      | Reached skill level 10 in Fighting
 10183 | D:8      | Reached skill level 10 in Axes
 10246 | D:8      | Identified the +0 robe "Qocrev" {Will+}
 10395 | D:8      | Found Cugiro's Weapon Shop.
 10482 | D:8      | Found a basalt altar of Yredelemnul.
 10544 | D:8      | Noticed a two-headed ogre
 10549 | D:8      | Killed a two-headed ogre
 11197 | D:9      | Found an ancient bone altar of Kikubaaqudgha.
 11987 | D:9      | HP: 17/87 [something (11)]
 11987 | D:9      | HP: 8/87 [something (9)]
 11993 | D:9      | HP: 2/87 [something (7)]
 11993 | D:9      | Slain by a vampire

Illustrated notes

Levels and vault maps discovered:
D:1:      scummos_arrival_hexagon, layout_basic, minmay_hedge_maze, minivault_4
D:2:      layout_basic, chequers_ecumenical_altar_simple, minmay_tromino_v7
D:3:      layout_basic, nicolae_figureground_pulse, uniq_natasha, uniq_pargi,
          uniq_crazy_yiuf_cottage
D:4:      layout_cave_pools, minmay_temple_entry_slanted, serial_column_ruins,
          column_ruins_hut, column_ruins_grid_3, column_ruins_columns_dead_end,
          column_ruins_grid_1, column_ruins_open_tiny, column_ruins_grid_1,
          column_ruins_columns_dead_end
D:5:      layout_basic, minmay_holes
D:6:      layout_basic, nicolae_gozag_seed_capital, kennysheep_generic_room_7,
          uniq_blork_the_orc
D:7:      layout_basic, hellmonk_ghost_happy_afterlife
D:8:      layout_loops_ring, mainiacjoe_overflow_24_doors, serial_shops,
          kennysheep_mini
D:9:      corexii_shack_village, layout_loops_ring, lemuel_doored_altar,
          kennysheep_potato

Skill      XL: |  1  2  3  4  5  6  7  8  9 10 |
---------------+-------------------------------+-----
Axes           | 4 5 6 8 9 11 | 11.0
Fighting       | 4 5 6 7 9 11 | 11.0
Armour         | |  2.0
Dodging        | |  2.0

Action                   |  1- 3 |  4- 6 |  7- 9 | 10-12 || total
-------------------------+-------+-------+-------+-------++-------
Melee: Hand axe          |   120 |   136 |   332 |       ||   588
       War axe           |       |       |    58 |    14 ||    72
       Battleaxe         |       |       |       |   109 ||   109
 Fire: Hunting sling     |       |       |     4 |       ||     4
Throw: Javelin           |       |       |     4 |       ||     4
Invok: Berserk           |     2 |     5 |    13 |     5 ||    25
       Trog's Hand       |       |     3 |     3 |     2 ||     8
  Use: Scroll            |       |     1 |     7 |       ||     8
Armor: Animal skin       |    24 |       |       |       ||    24
       Ring mail         |     2 |    18 |       |       ||    20
       Scale mail        |       |    40 |    41 |       ||    81
       Chain mail        |       |       |   142 |    53 ||   195
Dodge: Dodged            |    90 |    61 |   131 |    42 ||   324

Table legend: (Time is in decaauts)
 A = Elapsed time spent in this place.
 B = Non-inter-level travel time spent in this place.
 C = Inter-level travel time spent in this place.
 D = Time resting spent in this place.
 E = Time spent auto-exploring this place.
 F = Levels seen in this place.
 G = Mean time per level.
                   A        B        C        D        E       F      G
               +--------+--------+--------+--------+--------+-----+--------+
         Total |  12239 |  11567 |    672 |   2689 |   6972 |   9 | 1359.9 |
       Dungeon |  12239 |  11567 |    672 |   2689 |   6972 |   9 | 1359.9 |
               +--------+--------+--------+--------+--------+-----+--------+

Top non-repeatable levels by time:
     D:3: 1953 daAuts
     D:6: 1806 daAuts
     D:1: 1678 daAuts
     D:2: 1366 daAuts
     D:5: 1276 daAuts
     D:4: 1186 daAuts
     D:7: 1112 daAuts
     D:8: 1000 daAuts
     D:9: 858 daAuts
